 Dungeon Crawl Stone Soup version 0.24.0-123-gd5b16e6ec5 (webtiles) character file.

Game seed: 1813572771908488633, levelgen mode: deterministic

76 Locuples the Covert (level 4, -1/26 HPs)
             Began as a Vampire Assassin on Jan 28, 2020.
             Slain by a kobold (4 damage)
             ... on level 2 of the Dungeon.
             The game lasted 00:03:04 (1198 turns).

Locuples the Covert (Vampire Assassin)              Turns: 1198, Time: 00:03:04

Health: -1/26      AC:  3    Str: 10    XL:     4   Next: 12%
Magic:  4/4        EV: 12    Int: 13    God:
Gold:   53         SH:  0    Dex: 16    Spells: 3/3 levels left

rFire    . . .     SeeInvis +   a - +2 dagger
rCold    + + .     Gourm    .   (no shield)
rNeg     + + +     Faith    .   b - +0 robe
rPois    ∞         Spirit   .   (no helmet)
rElec    .         Reflect  .   g - +0 cloak
rCorr    .         Harm     .   (no gloves)
MR       .....                  (no boots)
Stlth    ++++++....             (no amulet)
HPRegen  0.00/turn              (no ring)
MPRegen  0.09/turn              (no ring)

@: bloodless
A: no food, fangs 3, see invisible, unbreathing
a: Bat Form, Revivify


You were on level 2 of the Dungeon.
You were bloodless.

You visited 1 branch of the dungeon, and saw 2 of its levels.

You collected 53 gold pieces.

Inventory:

Hand Weapons
 a - a +2 dagger (weapon)
Missiles
 d - 8 poisoned darts (quivered)
 e - 2 curare-tipped darts
 f - 11 stones
Armour
 b - a +0 robe (worn)
 g - a +0 cloak (worn)
Jewellery
 m - an uncursed ring of see invisible {unknown}
Scrolls
 l - a scroll of fog {unknown}
Potions
 c - a potion of mutation {unknown}
 h - a potion of berserk rage {unknown}
 i - 2 potions of agility {unknown}
 j - a potion of flight {unknown}
 k - a potion of heal wounds {unknown}


   Skills:
 - Level 1.7 Fighting
 + Level 2.4 Short Blades
 - Level 1.5 Throwing
 - Level 1.1 Dodging
 * Level 8.5 Stealth


You had 3 spell levels left.
You didn't know any spells.
Your spell library was empty.

Dungeon Overview and Level Annotations

Branches:
Dungeon (2/15)

Altars:

Annotations:
D:2 1 runed translucent door


Innate Abilities, Weirdness & Mutations

You do not eat.
You do not regenerate when monsters are visible.
You are frail without blood (-20% HP).
You can heal yourself when you bite living creatures.
You are immune to poison.
You have razor-sharp teeth.
You have supernaturally acute eyesight. (SInv)
You can survive without breathing.


Message History

You hit the human skeleton.
The human skeleton is severely damaged.
You hit the human skeleton.
The human skeleton is severely damaged.
The human skeleton hits you but does no damage.
You hit the human skeleton.
The human skeleton is almost destroyed.
The human skeleton hits you!
* * * LOW HITPOINT WARNING * * *
You hit the human skeleton.
You destroy the human skeleton!
You have reached level 4!
The kobold wields a +0 hunting sling.
The kobold shoots a stone.
The stone hits you.
* * * LOW HITPOINT WARNING * * *
The kobold shoots a stone.
The stone hits you.
* * * LOW HITPOINT WARNING * * *
You see here a stone.
The kobold unwields a +0 hunting sling.
The kobold hits you.
You die...

#..............#
##..######.###.# #.### #.# #.#
.## #.# #.# .####### #.###.#
.......###.#...########
.#####....#.###.......#########
.# #####.## ##.####.........#
.# #.# #@# #########.# .# #.##
##K# #.# ## ##.###..# #.#
##.....# #.# ##.Z### #.# #..#
#.# . ### ####..##### #.#
###.8## #.........# #.#
......####.##.<###.# #.#


You could see a human zombie and a kobold.

Vanquished Creatures
  A human skeleton (D:2)
  A gnoll (D:1)
  An adder (D:2)
  A leopard gecko (D:2)
  2 giant cockroaches (D:1)
  7 goblins
  4 hobgoblins (D:1)
  3 bats (D:1)
  3 frilled lizards (D:1)
  3 kobolds
  5 rats (D:1)
31 creatures vanquished.

Notes
Turn   | Place    | Note
-------+----------+-------------------------------------------
     0 | D:1      | Locuples the Vampire Assassin began the quest for the Orb.
     0 | D:1      | Reached XP level 1. HP: 16/16 MP: 1/1
    53 | D:1      | Reached skill level 6 in Stealth
   244 | D:1      | Reached XP level 2. HP: 17/17 MP: 2/2
   340 | D:1      | Reached skill level 7 in Stealth
   365 | D:1      | Reached XP level 3. HP: 19/21 MP: 3/3
  1108 | D:2      | Reached skill level 8 in Stealth
  1154 | D:2      | Found a runed translucent door.
  1154 | D:2      | Noticed a human
  1173 | D:2      | Reached XP level 4. HP: 7/26 MP: 4/4
  1198 | D:2      | Slain by a kobold

Levels and vault maps discovered:
D:1:      co_arrival_random_square_maze, layout_basic
D:2:      layout_loops_ring, first_ration, dk_yredelemnul_ordeal

Skill      XL: |  1  2  3 |
---------------+----------+-----
Stealth        | 6 7 8 |  8.5
Fighting       | |  1.7
Short Blades   | |  2.4
Throwing       | |  1.5
Dodging        | |  1.1

Action                   |  1- 3 |  4- 6 || total
-------------------------+-------+-------++-------
Melee: Dagger            |    82 |       ||    82
       Bite              |     3 |       ||     3
 Abil: Exsanguinate      |     1 |       ||     1
 Stab: Sleeping          |    14 |       ||    14
Armor: Robe              |    13 |       ||    13
Dodge: Dodged            |    61 |       ||    61
